 Seeded DCSS version 0.28.0-49-g6dfe1f597d (webtiles) character file.

Game seed: 16231518552412186568 (custom seed)

14833 oldmanjim the Fighter (level 12, -5/132 HPs)
             Began as an Ogre Conjurer on May 11, 2022.
             Was an Elder of Vehumet.
             Succumbed to a cane toad's poison
             ... on level 1 of the Lair of Beasts on May 12, 2022.
             The game lasted 01:52:28 (14933 turns).

oldmanjim the Fighter (Ogre Conjurer)              Turns: 14933, Time: 01:52:29

Health: -5/132     AC:  7    Str: 14    XL:     12   Next: 20%
Magic:  12/24      EV: 10    Int: 23    God:    Vehumet [****..]
Gold:   686        SH:  0    Dex:  7    Spells: 9/27 levels left

rFire   . . .      SeeInvis .   a - +0 staff of Battle
rCold   + . .      Faith    .   (no shield)
rNeg    . . .      Spirit   .   E - +0 steam dragon scales
rPois   .          Reflect  .   (helmet restricted)
rElec   .          Harm     .   J - +0 cloak
rCorr   .          Rampage  .   (gloves unavailable)
Will    ++...                   (boots unavailable)
Stlth   +.........              (no amulet)
HPRegen 0.32/turn               P - ring of willpower
MPRegen 0.19/turn               t - ring of protection from cold

@: lethally poisoned (-5 -> -26)
A: large, unfitting armour, tough skin 1
a: Renounce Religion


You were on level 1 of the Lair of Beasts.
You worshipped Vehumet.
Vehumet was greatly pleased with you.
You visited 3 branches of the dungeon, and saw 14 of its levels.
You also visited: Sewer.

You collected 887 gold pieces.
You spent 201 gold pieces at shops.

Inventory:

Hand Weapons
 a - the +0 staff of Battle (weapon)
   (You found it on level 2 of the Dungeon)

   It enhances your conjuration magic.
   It summons a battlesphere in combat, with strength depending on Conjurations
   skill.
   Its strikes trigger the battlesphere's blasts.
 s - a +1 vampiric hand axe
Missiles
 d - 3 atropa-tipped darts
 x - a throwing net
 M - 3 boomerangs of dispersal
Armour
 E - +0 steam dragon scales (worn)
 I - a +0 robe of willpower
 J - a +0 cloak (worn)
Magical Staves
 q - a staff of death
Jewellery
 l - a ring of see invisible
 t - a ring of protection from cold (right hand)
 v - a ring of fire
 K - a ring of resist corrosion
 L - an amulet of guardian spirit
 P - a ring of willpower (left hand)
 S - a ring of positive energy
Wands
 w - a wand of flame (24)
 N - a wand of acid (7)
Scrolls
 b - 3 scrolls of vulnerability
 g - 2 scrolls of magic mapping {unknown}
 k - 4 scrolls of teleportation
 n - 3 scrolls of blinking
 o - a scroll of silence {unknown}
 p - a scroll of holy word {unknown}
 r - 2 scrolls of torment {unknown}
 y - 2 scrolls of fog {unknown}
 A - 2 scrolls of noise
 B - 2 scrolls of enchant weapon
 F - a scroll of amnesia {unknown}
 G - 2 scrolls of immolation {unknown}
 Q - a scroll of enchant armour {unknown}
 R - a scroll of identify
Potions
 c - a potion of berserk rage
 e - 2 potions of flight
 f - a potion of resistance
 h - 6 potions of curing
 i - 2 potions of mutation
 j - a potion of brilliance
 m - 2 potions of lignification
 u - 2 potions of cancellation
 z - a potion of haste {unknown}
 C - a potion of degeneration {unknown}
 D - 2 potions of heal wounds
 H - a potion of invisibility {unknown}
 O - a potion of might {unknown}


   Skills:
 * Level 11.8 Fighting
 - Level 10.0 Staves
 - Level 5.0 Dodging
 - Level 1.4 Stealth
 - Level 8.0 Spellcasting
 + Level 9.5 Conjurations
 - Level 2.0 Hexes
 - Level 3.0 Translocations
 - Level 2.0 Ice Magic
 - Level 3.0 Air Magic


You had 9 spell levels left.
You knew the following spells:

 Your Spells              Type           Power      Damage    Failure   Level
a - Magic Dart            Conj           100%       1d8       1%          1
b - Searing Ray           Conj           100%       2d8       1%          2
c - Dazzling Flash        Conj/Hex       100%       N/A       1%          3
d - Iskenderun's Mystic   Conj/Tloc      54%        2d12      1%          4
e - Mephitic Cloud        Conj/Pois/Air  42%        N/A       1%          3
f - Freezing Cloud        Conj/Ice/Air   23%        6-21      7%          5

Your spell library contained the following spells:

 Spells                   Type           Power      Damage    Failure   Level
 Lee's Rapid Deconstruct  Erth           4%         3d6*      41%         5
 Apportation              Tloc           46%        N/A       1%          1
 Stone Arrow              Conj/Erth      92%        3d12      1%          3
 Fulminant Prism          Conj/Hex       26%        3d14      1%          4
 Ignite Poison            Fire/Tmut/Pois 9%         N/A       5%          3
 Animate Skeleton         Necr           18%        N/A       7%          1
 Summon Small Mammal      Summ           36%        N/A       7%          1
 Tukima's Dance           Hex            18%        N/A       9%          3
 Anguish                  Hex/Necr       6%         N/A       41%         4
 Animate Armour           Summ/Erth      18%        N/A       56%         4
 Animate Dead             Necr           4%         N/A       56%         4
 Summon Forest            Summ/Tloc      8%         N/A       71%         5
 Borgnjor's Vile Clutch   Necr/Erth      4%         N/A       88%         5
 Eringya's Noxious Bog    Tmut/Pois      4%         N/A       92%         6
 Death Channel            Necr           4%         N/A       100%        6
 Enfeeble                 Hex            9%         N/A       100%        7
 Summon Hydra             Summ           4%         N/A       100%        7
 Lehudib's Crystal Spear  Conj/Erth      23%        10d6      100%        8


Dungeon Overview and Level Annotations

Branches:
Dungeon (11/15)            Temple (1/1) D:6            Lair (2/6) D:9
  Sewer (visited)
  Swamp: Lair:2-4    Shoals: Lair:2-4     Snake: Lair:2-4    Spider: Lair:2-4
    Orc: D:9-12

Altars:
Ashenzari
Cheibriados
Dithmenos
Elyvilon
Fedhas
Gozag
Hepliaklqana
Kikubaaqudgha
Makhleb
Nemelex Xobeh
Okawaru
Qazlal
Ru
Sif Muna
Trog
Uskayaw
Vehumet
Wu Jian
Xom
Yredelemnul
Zin
The Shining One

Shops:
D:2 [   D:6 *

Portals:
Ice
Cave: Lair:2


Innate Abilities, Weirdness & Mutations

You are too large for most types of armour.
You have tough skin. (AC +1)


Message History

The water moccasin is moderately wounded.
The water moccasin is knocked back by the mystic blast.
You feel very sick.
Something shouts, "Accept thy failure, thou simpering fool-headed simpleton!"
You hear a loud, deep croak!
A white imp comes into view.
You feel sick.
You feel sick. The cane toad stings you.
* * * LOW HITPOINT WARNING * * *
The white imp gestures at you. The puff of frost hits you. You resist.
* * * LOW HITPOINT WARNING * * *
The white imp gestures at you. The puff of frost misses you.
The puff of frost hits your battlesphere.
Your battlesphere resists.
The cane toad barely misses you. The white imp gestures at you.
The puff of frost hits you. You resist.
* * * LOW HITPOINT WARNING * * *
You feel sick.
The water moccasin closely misses your battlesphere.
The cane toad stings you.
* * * LOW HITPOINT WARNING * * *
A bullfrog comes into view.
You feel sick.
The bullfrog croaks.
You hear a shout!
The cane toad stings you!
* * * LOW HITPOINT WARNING * * *
You feel sick.
There is a stone staircase leading up here.
You feel sick. The cane toad stings you.
* * * LOW HITPOINT WARNING * * *
You are lethally poisoned!
The cane toad poisons you! The water moccasin bites you.
* * * LOW HITPOINT WARNING * * *
You climb upwards.
Your battlesphere wavers and loses cohesion.
You conjure a globe of magical energy.
You die...

##########
#.F@*....## #######
#.5.S.....####......
##....)...##..+......
#.........#...#.^....
##........#.##.......
#........#.###......
#........'.# #......
#........### ###+#.#
##'####.## #..รท#


You could see a cane toad, a water moccasin, a white imp and a friendly
battlesphere.

Vanquished Creatures
  A hydra (Lair:1)
  Erolcha (D:9)
  A deep elf pyromancer (D:9)
  A black mamba (Lair:1)
  3 cane toads
  Maggie (D:6)
  A kobold demonologist (D:10)
  An unseen horror (D:10)
  4 komodo dragons (Lair:1)
  2 trolls
  4 blink frogs (Lair:1)
  Prince Ribbit (D:9)
  14 yaks
  2 wyverns
  Grum (D:8)
  Eustachio (D:5)
  Menkaure (D:6)
  5 water moccasins
  11 orc warriors
  3 black bears
  2 ice beasts
  A sky beast (D:5)
  5 ogres
  A centaur (D:9)
  2 wolves (D:8)
  9 bullfrogs
  2 scorpions
  A killer bee (D:9)
  15 wights
  3 howler monkeys
  A bullfrog zombie (D:5)
  2 centaur zombies
  A jelly (D:8)
  2 centaur skeletons (D:7)
  4 hounds
  15 orc priests
  2 gnoll shamans (D:7)
  4 iguanas
  10 orc wizards
  4 hell rats (Lair:1)
  4 howler monkey zombies
  7 gnolls
  9 adders
  5 river rats (Lair:1)
  An ufetubus (D:4)
  2 worms (D:10)
  44 orcs
  15 endoplasms
  16 giant cockroaches
  6 goblins
  7 hobgoblins
  7 jackals
  15 quokkas
  21 ball pythons
  4 bats
  5 frilled lizards
  8 kobolds
  15 rats
336 creatures vanquished.

Vanquished Creatures (others)
  A human (D:4)
  45 fungi
  52 plants
98 creatures vanquished.

Grand Total: 434 creatures vanquished

Notes
Turn   | Place    | Note
-------+----------+-------------------------------------------
     0 | D:1      | oldmanjim the Ogre Conjurer began the quest for the Orb.
     0 | D:1      | Reached XP level 1. HP: 16/16 MP: 3/3
   370 | D:1      | Reached XP level 2. HP: 26/26 MP: 0/5
   373 | D:1      | Learned a level 2 spell: Searing Ray
   509 | D:1      | Reached skill level 1 in Fighting
  1260 | D:2      | Found a faded altar of an unknown god.
  1279 | D:2      | Reached skill level 1 in Staves
  1499 | D:2      | Reached XP level 3. HP: 33/33 MP: 4/7
  1684 | D:2      | Found Dadiol's Antique Armour Boutique.
  2170 | D:2      | Found the +0 staff of Battle
  2581 | D:3      | Reached XP level 4. HP: 42/42 MP: 5/8
  2686 | D:3      | Reached skill level 2 in Fighting
  2708 | D:3      | Found a glowing drain.
  2721 | Sewer    | Entered a sewer
  3013 | Sewer    | Reached XP level 5. HP: 50/50 MP: 7/10
  3309 | Sewer    | Reached skill level 3 in Fighting
  3430 | D:3      | Reached XP level 6. HP: 61/61 MP: 9/12
  4575 | D:3      | Learned a level 3 spell: Dazzling Flash
  4679 | D:4      | Noticed a black bear
  4683 | D:4      | Killed a black bear
  4904 | D:4      | Reached skill level 5 in Conjurations
  4904 | D:4      | Reached XP level 7. HP: 67/67 MP: 9/14
  4950 | D:4      | Reached skill level 5 in Spellcasting
  5207 | D:4      | Reached skill level 4 in Fighting
  5300 | D:4      | Found an iron altar of Okawaru.
  5609 | D:4      | Found an ancient bone altar of Kikubaaqudgha.
  5610 | D:4      | Noticed a human
  5612 | D:4      | Killed a human
  5786 | D:5      | Entered Level 5 of the Dungeon
  5995 | D:5      | Identified the +5 chain mail of the Evening {rN++ Dex+4}
  6031 | D:5      | Reached skill level 1 in Hexes
  6110 | D:5      | Found a shadowy altar of Dithmenos.
  6378 | D:5      | Reached XP level 8. HP: 78/78 MP: 11/15
  6515 | D:5      | Noticed Eustachio
  6526 | D:5      | Killed Eustachio
  6703 | D:6      | Found Badof's Assorted Antiques.
  6706 | D:6      | Bought a scroll labelled QYAWUI IGRUE for 30 gold pieces
  6706 | D:6      | Bought a scroll labelled HOINOUH JOARGH for 30 gold pieces
  6706 | D:6      | Bought a scroll labelled ABOUS PUUMOMI for 30 gold pieces
  6706 | D:6      | Bought a fuming coppery potion for 27 gold pieces
  6706 | D:6      | Bought a scroll labelled HOINOUH JOARGH for 30 gold pieces
  6706 | D:6      | Bought 2 glowing inky potions for 54 gold pieces
  6783 | D:6      | Noticed a cyclops
  7132 | D:6      | Reached skill level 5 in Staves
  7181 | D:6      | Noticed Maggie
  7190 | D:6      | Killed Maggie
  7260 | D:6      | Learned a level 4 spell: Iskenderun's Mystic Blast
  7315 | D:6      | Noticed Menkaure
  7319 | D:6      | Killed Menkaure
  7399 | D:6      | Reached skill level 5 in Fighting
  7425 | D:6      | Found a glowing golden altar of the Shining One.
  7515 | D:6      | Reached XP level 9. HP: 88/88 MP: 14/17
  7576 | D:6      | Reached skill level 6 in Fighting
  7680 | D:6      | Found a staircase to the Ecumenical Temple.
  7688 | Temple   | Entered the Ecumenical Temple
  7985 | Temple   | Became a worshipper of Vehumet
  8120 | D:6      | Found a sparkling altar of Nemelex Xobeh.
  8125 | D:6      | Reached skill level 1 in Translocations
  8175 | D:6      | Found a sacrificial altar of Ru.
  9011 | D:7      | Found an opulent altar of Gozag.
  9058 | D:7      | Reached * piety under Vehumet
  9058 | D:7      | Offered knowledge of Freeze by Vehumet.
  9723 | D:8      | Reached skill level 7 in Fighting
  9723 | D:8      | Reached XP level 10. HP: 88/102 MP: 8/20
  9727 | D:8      | Reached skill level 8 in Fighting
  9731 | D:8      | Learned a level 3 spell: Mephitic Cloud
 10059 | D:8      | Noticed Grum
 10066 | D:8      | Killed Grum
 10214 | D:8      | Found a shimmering altar of Xom.
 10504 | D:9      | Reached ** piety under Vehumet
 10504 | D:9      | Offered knowledge of Sandblast by Vehumet.
 10694 | D:9      | Noticed a deep elf pyromancer
 10697 | D:9      | Killed a deep elf pyromancer
 10739 | D:9      | Noticed Prince Ribbit
 10751 | D:9      | Killed Prince Ribbit
 10970 | D:9      | Offered knowledge of Inner Flame by Vehumet.
 11223 | D:9      | Found a staircase to the Lair.
 11254 | D:9      | Reached XP level 11. HP: 110/111 MP: 18/23
 11326 | D:9      | Reached *** piety under Vehumet
 11536 | D:9      | Reached skill level 10 in Staves
 11599 | D:9      | Found a shimmering blue altar of Sif Muna.
 11679 | D:9      | Noticed Erolcha
 11685 | D:9      | Killed Erolcha
 11686 | D:9      | Reached skill level 1 in Air Magic
 11869 | D:9      | Found a broken altar of Ashenzari.
 11974 | D:9      | Learned a level 5 spell: Freezing Cloud
 12000 | D:10     | Entered Level 10 of the Dungeon
 12021 | D:10     | Noticed a moth of wrath
 12024 | D:10     | Found a bloodstained altar of Trog.
 12047 | D:10     | Identified the +3 spear of Narrow Indomitability {vorpal,
                  | rPois rN+ rCorr MP+9}
 12499 | D:10     | Found a faded altar of an unknown god.
 12499 | D:10     | Found a faded altar of an unknown god.
 12499 | D:10     | Found a hazy altar of Hepliaklqana.
 12609 | D:10     | Offered knowledge of Airstrike by Vehumet.
 12748 | D:10     | Found a white marble altar of Elyvilon.
 12939 | D:11     | Reached skill level 9 in Fighting
 12950 | D:11     | Reached skill level 5 in Dodging
 13124 | D:11     | Reached **** piety under Vehumet
 13223 | D:11     | Offered knowledge of Lee's Rapid Deconstruction by Vehumet.
 13631 | Lair:1   | Entered Level 1 of the Lair of Beasts
 13864 | Lair:1   | Reached skill level 10 in Fighting
 14170 | Lair:1   | Noticed a six-headed hydra
 14178 | Lair:1   | Killed a six-headed hydra
 14179 | Lair:1   | Reached skill level 1 in Ice Magic
 14389 | Lair:1   | Reached XP level 12. HP: 126/128 MP: 18/24
 14446 | Lair:1   | Reached skill level 11 in Fighting
 14912 | Lair:2   | Noticed a boulder beetle
 14924 | Lair:2   | Found a frozen archway.
 14932 | Lair:2   | HP: 6/132 [poisoned by a water moccasin]
 14932 | Lair:2   | HP: 1/132 [water moccasin (4)]
 14933 | Lair:1   | Succumbed to a cane toad's poison

Illustrated notes

Levels and vault maps discovered:
D:1:      roderic_crop_circles_arrival_small, layout_loops_ring, serial_rivers,
          chequers_serial_rivers_large_a, chequers_serial_rivers_micro_e,
          chequers_serial_rivers_micro_c, chequers_serial_rivers_room_a,
          chequers_serial_rivers_small_b
D:2:      layout_basic, serial_shops, nicolae_shop_hallway_stairs,
          nicolae_ecumenical_pavilion, serial_curves, eino_curves_02,
          eino_curves_04, minmay_pentomino_z4
D:3:      layout_basic, portal_sewer_entry_f, skrybe_limestone_x
D:4:      layout_loops_ring, mainiacjoe_overflow_cross_hatched,
          tgw_kikubaaqudgha, hangedman_glass_teeth
D:5:      layout_loops_corners, grunt_dithmenos_smoke, uniq_eustachio
D:6:      nicolae_cairo_tiling_large_dashed, layout_basic,
          mainiacjoe_overflow_catwalk, nicolae_ru_great_annihilating_truth,
          nemelex_dance_club_becter, minmay_temple_entry_proselytizer,
          serial_shops, nicolae_stop_n_shop_2, uniq_menkaure, uniq_maggie
D:7:      layout_basic, nicolae_overflow_crystal_walls, grunt_tough_drop
D:8:      layout_loops_ring, dk_xom_monty_hall, dk_rats_in_the_wall, uniq_grum
D:9:      layout_basic, marbit_many_paths, cheibrodos_ashenzari_chains,
          due_lair_maze_entry_diamond, uniq_erolcha, uniq_prince_ribbit1
D:10:     layout_roguey, nicolae_overflow_hidden_temple, tgw_trog,
          nicolae_hepliaklqana_ecumenical_no_more, special_room
          [special_room_orc]
D:11:     layout_cave_pools, hangedman_abyss_or_decor_stagger
Temple:   compressed_dpeg_triangle_lava_temple
Lair:1:   layout_roguey, kennysheep_abandoned_house, serial_bayou_shore_b
Lair:2:   dpeg_oklob_gauntlet, layout_cave_shapes, guppyfry_snake_entry_garden,
          portal_ice_cave_entry_imps

Skill      XL: |  1  2  3  4  5  6  7  8  9 10 11 12 |
---------------+-------------------------------------+-----
Fighting       | 1 2 3 4 5 7 8 10 11 | 11.8
Staves         | 1 2 3 4 6 8 9 10 | 10.0
Spellcasting   | 3 4 5 6 8 |  8.0
Conjurations   | 4 5 6 7 8 9 |  9.5
Dodging        | 2 3 4 5 |  5.0
Hexes          | 2 |  2.0
Translocations | 2 3 |  3.0
Air Magic      | 3 |  3.0
Ice Magic      | 1 2 |  2.0
Stealth        | |  1.4

Action                   |  1- 3 |  4- 6 |  7- 9 | 10-12 || total
-------------------------+-------+-------+-------+-------++-------
Melee: Quarterstaff      |    21 |       |       |       ||    21
       Staff             |     9 |     9 |     5 |    41 ||    64
       Punch             |       |       |     1 |       ||     1
 Cast: Magic Dart        |    43 |    88 |   100 |   179 ||   410
       Searing Ray       |    12 |     4 |    28 |    50 ||    94
       Freezing Cloud    |       |       |       |     5 ||     5
       Iskenderun's Myst |       |       |       |     1 ||     1
  Use: Scroll            |     4 |     2 |     6 |     2 ||    14
       Potion            |       |       |       |     1 ||     1
 Stab: Sleeping          |     4 |     1 |       |       ||     5
Armor: Robe              |    14 |     2 |     2 |       ||    18
       Steam dragon scal |       |       |     1 |    34 ||    35
Dodge: Dodged            |    14 |     6 |     3 |    44 ||    67
